Map: Jagannatha LE

Players

ThePitmat

  • Race: Terran Terran
  • League: Diamond

Nergaoul - Winner!

  • Race: Zerg Zerg
  • League: Diamond

VOD

Have the link to the VOD?

Description

Time

  • Played on: Oct. 16, 2021, 8:59 a.m.
  • Length: 14:03
Show
View Real Time Build Order
Export as new Build Order

ThePitmat Terran 

Build Orders: Reaper Expand 

Get SALT Encoding   

  12  0:00  SCV  
  13  0:12  SCV  
  14  0:17  Supply Depot  
  14  0:24  SCV  
  15  0:39  SCV  
  16  0:43  Barracks  
  16  0:48  Refinery  
  16  0:51  SCV  
  17  1:03  SCV  
  18  1:16  SCV  
  19  1:30  Orbital Command  
  19  1:32  Reaper  
  20  1:42  Command Center  
  20  1:52  Barracks  
  20  1:56  SCV  
  21  2:12  Barracks Reactor  
  21  2:13  SCV  
  21  2:14  Supply Depot  
  22  2:17  Refinery  
  22  2:25  SCV  
  23  2:30  Factory  
  23  2:37  SCV  
  24  2:51  Marine x2, Barracks Tech Lab  
  24  2:52  SCV  
  27  2:59  Orbital Command  
  27  3:06  SCV  
  27  3:10  Stimpack, Marine x2  
  27  3:11  Marine  
  33  3:31  Marine x2  
  33  3:32  Marine  
  30  3:36  Starport  
  30  3:37  Factory Reactor  
  28  3:47  SCV  
  28  3:48  SCV  
  30  3:59  Marine x3  
  33  4:04  SCV x2  
  35  4:13  Supply Depot  
  35  4:16  Supply Depot  
  35  4:24  SCV x2  
  37  4:33  Widow Mine, Medivac x2  
  37  4:36  SCV x2  
  45  4:39  Supply Depot  
  45  4:41  Supply Depot  
  45  4:43  Marine x3  
  45  4:44  Supply Depot  
  48  4:48  SCV x2  
  48  4:52  Combat Shield  
  52  5:00  Widow Mine, SCV x2  
  52  5:02  Marine x2  
  52  5:04  Marine  
  57  5:15  Medivac  
  57  5:16  SCV x2  
  61  5:21  Supply Depot  
  61  5:25  Marine x3  
  61  5:26  Refinery  
  64  5:31  Widow Mine, SCV x2  
  68  5:40  Barracks  
  68  5:42  Barracks  
  68  5:44  Marine x2  
  68  5:45  Marine  
  71  5:54  SCV x2  
  73  6:02  Marine  
  72  6:13  Marine x2  
  72  6:14  Widow Mine, Medivac  
  78  6:20  Marine  
  79  6:29  Barracks x2  
  79  6:30  Barracks  
  80  6:32  SCV  
  80  6:33  SCV  
  80  6:35  Refinery  
  80  6:37  Marine x2  
  80  6:38  Marine  
  80  6:39  Engineering Bay  
  84  6:40  Engineering Bay  
  84  6:41  Marine  
  84  6:42  Marine  
  84  6:45  SCV x2  
  85  7:17  Marine x7  
  85  7:18  Marine  
  93  7:26  Widow Mine  
  94  7:34  Marine  
  94  7:35  Marine  
  88  7:45  Marine x4  
  88  7:46  Marine x2  
  94  7:55  Terran Infantry Weapons Level 1, Terran Infantry Armor Level 1  
  94  7:58  Supply Depot  
  94  8:00  Marine x2, Supply Depot x2  
  94  8:01  Widow Mine  
  94  8:02  Supply Depot  
  94  8:03  Marine x4  
  102  8:19  Marine  
  103  8:33  Marine x4  
  103  8:34  Marine x3  
  103  8:35  Widow Mine, Medivac  
  103  8:37  Marine  
  110  8:51  Marine, Armory  
  110  8:53  SCV x2  
  110  8:55  Barracks x2  
  113  8:56  Barracks  
  113  9:00  Widow Mine, Marine x6  
  113  9:01  Marine  
  122  9:05  SCV  
  122  9:09  Marine  
  110  9:18  Marine x2  
  110  9:19  Marine x2  
  110  9:20  Marine x3  
  110  9:21  Widow Mine  
  117  9:26  Marine  
  95  9:35  Marine  
  95  9:36  SCV x2  
  91  9:42  Widow Mine  
  91  9:45  Marine x3  
  93  9:46  Marine x7  
  93  9:48  SCV  
  93  9:50  Medivac  
  106  9:53  Marine  
  107  10:03  Marine, Reaper  
  107  10:04  Command Center  
  107  10:06  Marine x2  
  107  10:07  Marine  
  111  10:08  Marine  
  111  10:13  Terran Infantry Weapons Level 2  
  113  10:19  Terran Infantry Armor Level 2  
  113  10:45  Terran Vehicle And Ship Armor Level 1  
  113  10:47  Marine x5  
  113  10:48  Marine x4  
  122  10:53  Supply Depot  
  119  11:07  Missile Turret  
  119  11:09  Missile Turret  
  112  11:24  Missile Turret  
  110  11:34  Marine  
  110  11:35  Marine x6  
  117  11:44  SCV x2  
  119  11:54  Marine x2  
  120  11:56  SCV x2  
  104  12:05  Marine x5  
  61  12:16  Marine x3  
  61  12:17  Marine x3  
  67  12:27  Marine x5  
  72  12:37  Medivac x2  
  76  12:46  Orbital Command  
  76  12:48  Marine x11, SCV  
  75  13:05  Marine  
  75  13:06  Marine  
  50  13:20  Marine x4  
  50  13:21  Marine  
  50  13:25  Marine x6  
  57  13:28  SCV x3  
  55  13:35  Factory Tech Lab  
  55  13:38  Marine x3  
  56  13:44  Marine x4  
  56  13:46  SCV x2  
Show
View Real Time Build Order
Export as new Build Order

Nergaoul Zerg - Winner!

Build Orders: Hatch First 

Get SALT Encoding   

  12  0:00  Drone  
  13  0:12  Overlord  
  13  0:21  Drone  
  14  0:36  Drone x3  
  17  0:56  Hatchery  
  16  1:00  Drone  
  16  1:02  Drone  
  18  1:15  Extractor  
  17  1:18  Spawning Pool  
  17  1:20  Drone  
  17  1:23  Drone  
  18  1:31  Drone  
  19  1:43  Overlord  
  19  1:52  Drone  
  20  2:08  Queen x2  
  20  2:09  Zergling x4  
  26  2:22  Hatchery  
  25  2:27  Metabolic Boost  
  25  2:34  Zergling x4  
  27  2:48  Zergling x8  
  31  2:58  Drone x2  
  33  3:03  Queen  
  35  3:07  Pneumatized Carapace  
  35  3:13  Drone  
  35  3:16  Overlord  
  35  3:40  Drone x8  
  42  3:49  Queen  
  44  4:00  Drone x6  
  49  4:15  Baneling Nest  
  48  4:17  Drone  
  48  4:18  Evolution Chamber  
  48  4:19  Evolution Chamber  
  47  4:28  Queen  
  47  4:30  Overlord  
  49  4:31  Overlord  
  49  4:32  Overlord  
  49  4:35  Extractor  
  48  4:39  Spore Crawler  
  48  4:40  Drone x2  
  48  4:41  Spine Crawler  
  48  4:42  Zergling x2  
  49  4:46  Overlord  
  49  4:50  Drone  
  49  4:52  Extractor  
  49  4:53  Drone x2  
  49  4:56  Extractor  
  49  4:59  Zerg Ground Armor Level 1  
  50  5:02  Baneling  
  50  5:05  Zergling x6  
  53  5:21  Drone x2  
  55  5:24  Drone  
  55  5:26  Zerg Melee Weapons Level 1, Drone x6  
  62  5:38  Overlord  
  62  5:39  Overlord  
  62  5:48  Spore Crawler, Overlord  
  61  5:52  Drone  
  61  5:53  Drone x3  
  65  5:57  Baneling x4  
  65  6:03  Zergling x2  
  65  6:04  Zergling x12  
  69  6:14  Baneling x2  
  69  6:15  Drone x3  
  69  6:18  Spine Crawler  
  71  6:25  Lair  
  72  6:32  Drone  
  72  6:33  Drone x2  
  72  6:35  Drone  
  72  6:36  Drone x2  
  72  6:39  Hatchery  
  76  6:43  Drone  
  76  6:45  Extractor  
  76  6:48  Overlord  
  76  6:49  Extractor  
  75  7:01  Baneling x2  
  73  7:16  Zergling x20  
  81  7:31  Zergling x14  
  85  7:47  Baneling x2  
  85  7:50  Zergling x16  
  87  7:55  Zerg Melee Weapons Level 2  
  87  7:56  Zerg Ground Armor Level 2  
  87  7:58  Centrifical Hooks  
  87  7:59  Overseer  
  87  8:01  Overlord x2, Overseer  
  87  8:06  Drone x5  
  87  8:32  Zergling x2  
  87  8:33  Zergling x32  
  97  8:41  Spire, Hydralisk Den  
  96  8:44  Drone x4  
  96  8:48  Baneling x23  
  99  8:51  Extractor x2  
  99  8:53  Queen  
  99  8:54  Drone x3  
  102  8:55  Drone  
  102  8:56  Drone  
  102  8:57  Drone x5  
  109  9:04  Queen  
  109  9:05  Queen  
  100  9:19  Zergling x22  
  105  9:27  Zergling x10  
  106  9:37  Zergling x8  
  108  9:41  Overlord  
  108  9:43  Zergling x2  
  109  9:48  Drone x4  
  113  9:53  Queen  
  115  10:01  Zerg Flyer Weapons Level 1  
  115  10:02  Grooved Spines  
  115  10:03  Mutalisk x6  
  127  10:16  Overlord  
  127  10:17  Overlord x3  
  127  10:18  Overseer  
  127  10:21  Zerg Missile Weapons Level 1  
  127  10:27  Drone  
  128  10:37  Hatchery  
  128  10:42  Hydralisk x11  
  149  10:50  Overseer  
  149  11:02  Drone x5  
  150  11:41  Hydralisk x3  
  150  11:42  Hydralisk  
  150  11:45  Muscular Augments  
  158  11:47  Overlord x5  
  158  11:54  Infestation Pit  
  141  12:03  Zergling x2  
  141  12:04  Zergling x42  
  145  12:12  Zergling x2  
  142  12:19  Zergling x8  
  142  12:20  Queen  
  148  12:25  Baneling x8  
  146  12:36  Baneling x17  
  146  12:39  Hydralisk x10  
  161  13:08  Zergling x28  
  149  13:25  Zergling x22  
  159  13:38  Mutalisk x3  
Tags
 
Add a new tag
Caveats
  • Supply blocks, unpowered buildings, or Contaminate may cause inaccurate times.
  • Supply counts are checked every 10 seconds.